 Dungeon Crawl Stone Soup version 0.19-a0-810-ge4e7c75 (webtiles) character file.

2542 AlphabetPasta the Poker (level 9, -13/61 HPs)
             Began as an Octopode Skald on June 27, 2016.
             Was a Follower of Ashenzari.
             Killed from afar by yaymichael's ghost (18 damage)
             ... with a stone arrow
             ... on level 7 of the Dungeon on June 28, 2016.
             The game lasted 00:48:25 (9054 turns).

AlphabetPasta the Poker (Octopode Skald)            Turns: 9054, Time: 00:48:29

Health: -13/61     AC:  1    Str: 14    XL:     9   Next: 55%
Magic:  14/16      EV: 14    Int: 14    God:    Ashenzari [*.....]
Gold:   104        SH:  0    Dex: 12    Spells: 5 memorised, 6 levels left

rFire  . . .     SeeInvis .     u - +4 glaive (flame) (curse)
rCold  + . .     Gourm    +     (shield currently unavailable)
rNeg   . . .     Faith    .     (helmet restricted)
rPois  .         Spirit   .     p - amulet of the gourmand
rElec  .         Dismiss  .     d - ring of protection from cold
rCorr  .         Reflect  .     e - ring of protection from magic
SustAt +         Harm     .     g - +3 ring of slaying
MR     +....                    C - ring of sustain attributes
Stlth  ++........               (no ring)
                                (no ring)
                                (no ring)
                                (no ring)

@: very slightly contaminated, somewhat resistant to hostile enchantments,
unstealthy
A: almost no armour, amphibious, 8 rings, constrict 8, camouflage 1, gelatinous
body 1
a: Curse Item, Scrying, Renounce Religion


You were on level 7 of the Dungeon.
You worshipped Ashenzari.
Ashenzari was aware of your devotion.
You were completely stuffed.

You visited 1 branch of the dungeon, and saw 7 of its levels.
You also visited: Sewer.

You collected 472 gold pieces.
You spent 368 gold pieces at shops.

Inventory:

Hand Weapons
 a - a +0 spear
 m - a +1 trident
 u - a cursed +4 glaive of flaming (weapon)
Missiles
 q - 21 tomahawks (quivered)
Jewellery
 d - a ring of protection from cold (left tentacle)
 e - a ring of protection from magic (right tentacle)
 g - a +3 ring of slaying (on tentacle)
 p - an amulet of the gourmand (around mantle)
 C - a ring of sustain attributes (on tentacle)
Wands
 n - a wand of enslavement (16/24)
 y - a wand of disintegration (11/24)
Scrolls
 j - 2 scrolls of magic mapping
 k - 7 scrolls of identify
 o - 3 scrolls of blinking
 w - 5 scrolls of teleportation
 z - a scroll of fear
 A - 2 scrolls of enchant armour
Potions
 f - 5 potions of flight
 h - 2 potions of agility
 i - a potion of haste
 l - 2 potions of curing
 s - 2 potions of magic
 v - a potion of cure mutation
 x - a potion of might
Books
 b - a book of Battle

   Spells                             Type                      Level
   a - Infusion                       Charms                       1
   b - Shroud of Golubria             Charms/Translocation         2
   c - Song of Slaying                Charms                       2
   d - Spectral Weapon                Hexes/Charms                 3
   e - Regeneration                   Charms/Necromancy            3
 r - a book of Enchantments

   Spells                             Type                      Level
   a - Cause Fear                     Hexes                        4
   b - Yara's Violent Unravelling     Hexes/Transmutation          5
   c - Silence                        Hexes/Air                    5
   d - Deflect Missiles               Charms/Air                   6
   e - Haste                          Charms                       6
   f - Discord                        Hexes                        8
Comestibles
 c - 3 bread rations
 t - 3 meat rations
 D - a beef jerky


   Skills:
 + Level 5.1 Fighting
 * Level 6.8 Polearms
 + Level 5.0 Throwing
 + Level 4.9 Dodging
 + Level 4.7 Spellcasting
 + Level 5.4 Charms


You had 6 spell levels left.
You knew the following spells:

 Your Spells              Type           Power        Failure   Level  Hunger
a - Infusion              Chrm           ###.         1%          1    None
b - Song of Slaying       Chrm           ###.....     2%          2    ##.....
c - Shroud of Golubria    Chrm/Tloc      ##........   12%         2    ##.....
d - Regeneration          Chrm/Necr      ##........   21%         3    ###....
e - Spectral Weapon       Hex/Chrm       ##......     21%         3    ###....


Dungeon Overview and Level Annotations

Branches:
Dungeon (7/15)             Temple (0/1) D:5

Altars:
Ashenzari
Hepliaklqana
Nemelex Xobeh
Okawaru
Qazlal
Ru

Shops:
D:4 [[(((   D:5 ?

Annotations:
D:7 yaymichael's ghost, novice GrEE


Innate Abilities, Weirdness & Mutations

You cannot wear most types of armour.
You are amphibious.
You can wear up to eight rings at the same time.
You can use your tentacles to constrict eight enemies at once.
Your skin changes colour to match your surroundings (Stealth+).
Your rubbery body absorbs attacks. (AC +1)


Message History

Yaymichael's ghost gestures at you while chanting.
The rocky blast hits you!
You hit yaymichael's ghost. You burn yaymichael's ghost.
Yaymichael's ghost is lightly damaged.
Yaymichael's ghost barely misses you.
Yaymichael's ghost casts a spell at you.
The rocky blast misses you.
You barely miss yaymichael's ghost.
Yaymichael's ghost is lightly damaged.
Yaymichael's ghost says, "All of the earth is under my command."
Yaymichael's ghost points at you and mumbles some strange words.
The stone arrow hits you!
You miss yaymichael's ghost. Your squeeze misses yaymichael's ghost.
Yaymichael's ghost is lightly damaged.
Yaymichael's ghost gestures at you while chanting.
The stone arrow hits you!
* * * LOW HITPOINT WARNING * * *
Yaymichael's ghost points at you and mumbles some strange words.
The stone arrow hits you!
You die...

#.# #.# #.# '..
#.# #.# #W# ##@##
#...# #..#######
#)........
#########....#####
.........###.#
########.# ... .
#.# $#.# ...# #.#
#.# ....


You could see yaymichael's ghost.

Vanquished Creatures
  3 ice beasts
  An orc warrior (D:7)
  A black bear (D:7)
  A phantom (D:4)
  2 sky beasts
  3 ogres
  A centaur (D:7)
  2 giant frogs
  A scorpion (D:5)
  2 hounds
  A centaur skeleton (D:5)
  7 orc priests
  2 giant frog zombies (D:6)
  A giant frog skeleton (D:5)
  12 orc wizards
  3 iguanas
  3 worker ants
  2 sirens (Sewer)
  A howler monkey zombie (D:4)
  10 gnolls
  2 river rats
  12 adders
  3 worms
  An adder skeleton (D:6)
  3 dart slugs
  5 giant geckos
  28 orcs
  8 ball pythons
  4 bats
  10 giant cockroaches
  9 goblins
  5 hobgoblins
  8 jackals
  4 kobolds
  6 quokkas
  2 giant gecko skeletons (D:5)
  5 giant newts
  A jackal skeleton (D:4)
  2 quokka zombies
  31 rats
208 creatures vanquished.

Notes
Turn   | Place    | Note
--------------------------------------------------------------
     0 | D:1      | AlphabetPasta the Octopode Skald began the quest for the Orb.
     0 | D:1      | Reached XP level 1. HP: 14/14 MP: 3/3
    96 | D:1      | Reached XP level 2. HP: 11/19 MP: 5/5
   509 | D:1      | Reached skill level 1 in Throwing
   514 | D:1      | Learned a level 2 spell: Song of Slaying
   517 | D:1      | Learned a level 2 spell: Shroud of Golubria
   763 | D:1      | Reached XP level 3. HP: 24/24 MP: 6/6
  1646 | D:2      | Reached XP level 4. HP: 30/30 MP: 7/7
  2529 | D:3      | Found a faded altar of an unknown god.
  2571 | D:3      | Found a glowing drain.
  2619 | Sewer    | Entered a sewer
  2654 | Sewer    | Reached XP level 5. HP: 26/35 MP: 8/8
  2839 | Sewer    | Reached skill level 3 in Polearms
  3046 | Sewer    | Noticed a malarious merfolk avatar
  3545 | D:3      | Reached XP level 6. HP: 38/41 MP: 10/10
  3598 | D:3      | Found a sparkling altar of Nemelex Xobeh.
  4106 | D:3      | Learned a level 3 spell: Regeneration
  4724 | D:4      | Found Mewuoq's Antique Armour Shop.
  5211 | D:4      | Found Humuidghu's Weapon Shop.
  5220 | D:4      | Learned a level 3 spell: Regeneration
  5230 | D:4      | Noticed a phantom
  5252 | D:4      | Found Voiciczeli's Weapon Emporium.
  5263 | D:4      | Killed a phantom
  5263 | D:4      | Reached skill level 4 in Polearms
  5263 | D:4      | Reached XP level 7. HP: 31/46 MP: 5/11
  5465 | D:4      | Found Hoaf's Antique Weapon Shoppe.
  5481 | D:4      | Bought a glowing glaive for 188 gold pieces
  5516 | D:4      | Found a shattered altar of Ashenzari.
  5630 | D:4      | Found a stormy altar of Qazlal.
  5630 | D:4      | Found a sacrificial altar of Ru.
  5732 | D:4      | Became a worshipper of Ashenzari the Shackled
  5846 | D:4      | Learned a level 3 spell: Spectral Weapon
  5893 | D:4      | Found Nupephayps's Armour Emporium.
  6183 | D:5      | Entered Level 5 of the Dungeon
  6227 | D:5      | Found a staircase to the Ecumenical Temple.
  6481 | D:5      | Reached skill level 5 in Polearms
  6481 | D:5      | Reached XP level 8. HP: 26/54 MP: 13/13
  6801 | D:5      | Found Rorasun's Magic Scroll Emporium.
  7191 | D:5      | Bought a scroll of fear for 42 gold pieces
  7191 | D:5      | Bought a scroll of identify for 24 gold pieces
  7191 | D:5      | Bought a scroll of identify for 24 gold pieces
  7191 | D:5      | Bought a scroll of enchant armour for 90 gold pieces
  7693 | D:6      | Found a hazy altar of Hepliaklqana.
  7728 | D:6      | Found an iron altar of Okawaru.
  7843 | D:6      | Reached skill level 5 in Charms
  8024 | D:6      | Reached * piety under Ashenzari
  8155 | D:6      | Reached skill level 6 in Polearms
  8155 | D:6      | Reached XP level 9. HP: 59/59 MP: 11/15
  8647 | D:7      | Reached skill level 5 in Fighting
  8647 | D:7      | Reached skill level 5 in Throwing
  9047 | D:7      | Noticed yaymichael's ghost (novice GrEE)
  9054 | D:7      | Killed from afar by yaymichael's ghost

Vault maps used:
D:1:      noname_arrival_rooms_in_the_neighbourhood
D:2:      serial_forest, infiniplex_forest_clump_large,
          infiniplex_forest_clump_C, infiniplex_forest_lined_corner,
          infiniplex_forest_end_3, infiniplex_forest_lined_3,
          infiniplex_forest_lined_2, infiniplex_forest_zigzag_1, hex_medium
D:3:      portal_sewer_entry_a, ecumenical_altar_2, nemelex_spade_bored_becter
D:4:      kennysheep_little_box, gammafunk_temple_overflow_elements,
          serial_shops, shop, shop_fountains, shop, shop_fountains, shop,
          saegor_snake_ambush
D:5:      first_bread, serial_shops, shop_statue
D:6:      nicolae_overflow_hidden_temple, okawaru_altar_gauntlet_db
D:7:      minitemple
Sewer:    sewer_sea

Skill      XL: |  1  2  3  4  5  6  7  8  9 |
---------------+----------------------------+-----
Throwing       | 1 2 3 4 5 |  5.0
Dodging        | 2 3 4 |  4.9
Polearms       | 3 4 5 6 |  6.8
Fighting       | 3 4 5 |  5.1
Spellcasting   | 3 4 |  4.7
Charms         | 4 5 |  5.4

Action                   |  1- 3 |  4- 6 |  7- 9 || total
-------------------------+-------+-------+-------++-------
Melee: Spear             |    97 |   122 |       ||   219
       Constrict         |    18 |    38 |    21 ||    77
       Tentacles         |     9 |    24 |    16 ||    49
       Trident           |       |   120 |     9 ||   129
       Glaive            |       |       |   166 ||   166
Throw: Tomahawk          |       |     4 |    13 ||    17
 Cast: Infusion          |       |     9 |    14 ||    23
       Shroud of Golubri |       |     4 |     3 ||     7
Invok: Curse Item        |       |       |     1 ||     1
  Use: Scroll            |       |    13 |     7 ||    20
       Potion            |       |     4 |       ||     4
 Stab: Sleeping          |    17 |    18 |     8 ||    43
       Distracted        |       |       |     3 ||     3
  Eat: Chunk             |     1 |    12 |    22 ||    35
       Pizza             |     1 |       |       ||     1
Armor: Skin              |     7 |     8 |     6 ||    21
Dodge: Dodged            |    38 |   108 |    80 ||   226
